 Dungeon Crawl Stone Soup version 0.21.1-1-g345015f (webtiles) character file.

100 lyrx the Sneak (level 4, 0/21 HPs)
             Began as a Spriggan Enchanter on Mar 27, 2018.
             Killed by nerve-wracking pain
             ... invoked by an orc priest
              (7 damage)
             ... on level 3 of the Dungeon.
             The game lasted 00:15:18 (2043 turns).

lyrx the Sneak (Spriggan Enchanter)                 Turns: 2043, Time: 00:15:19

Health: 0/21       AC:  2    Str:  4    XL:     4   Next: 46%
Magic:  1/9        EV: 18    Int: 16    God:
Gold:   116        SH:  0    Dex: 17    Spells: 3/9 levels left

rFire    . . .     SeeInvis +   a - +1 dagger
rCold    . . .     Gourm    .   (shield restricted)
rNeg     . . .     Faith    .   b - +0 robe
rPois    .         Spirit   .   (helmet restricted)
rElec    .         Reflect  .   (no cloak)
rCorr    .         Harm     .   (gloves unavailable)
MR       .....                  (boots unavailable)
Stlth    +++.......             (no amulet)
HPRegen  0.07/turn              (no ring)
MPRegen  0.11/turn              (no ring)

@: very quick
A: very small, unfitting armour, see invisible, herbivore, speed 3, slow
metabolism 2
a: no special abilities


You were on level 3 of the Dungeon.
You were hungry.

You visited 1 branch of the dungeon, and saw 3 of its levels.

You collected 116 gold pieces.

Inventory:

Hand Weapons
 a - a +1 dagger (weapon)
Armour
 b - a +0 robe (worn)
Scrolls
 f - a scroll of identify
 g - 3 scrolls of enchant armour
 h - a scroll of magic mapping {unknown}
 j - a scroll of blinking {unknown}
 k - a scroll of teleportation {unknown}
 l - 2 scrolls of fear {unknown}
 m - a scroll of remove curse {unknown}
Potions
 e - a potion of agility
 i - a potion of degeneration {unknown}
 n - a potion of berserk rage
Books
 c - a book of Maledictions

   Spells                             Type                      Level
   a - Corona                         Hexes                        1
   b - Ensorcelled Hibernation        Hexes/Ice                    2
   c - Confuse                        Hexes                        3
   d - Tukima's Dance                 Hexes                        3
   e - Dazzling Spray                 Conjuration/Hexes            3
Comestibles
 d - 7 rations


   Skills:
 + Level 0.1 Fighting
 * Level 2.2 Short Blades
 + Level 3.3 Dodging
 * Level 5.8 Stealth
 + Level 3.2 Spellcasting
 * Level 4.4 Hexes
 + Level 0.5 Ice Magic


You had 3 spell levels left.
You knew the following spells:

 Your Spells              Type           Power        Failure   Level  Hunger
a - Corona                Hex            ###....      3%          1    None
b - Ensorcelled Hibernat  Hex/Ice        ##....       10%         2    ##.....
c - Confuse               Hex            ###.....     9%          3    ###....


Dungeon Overview and Level Annotations

Branches:
Dungeon (3/15)

Altars:
Okawaru
Qazlal
Yredelemnul


Innate Abilities, Weirdness & Mutations

You are very small and have problems with some larger weapons.
You are too small for most types of armour.
You have supernaturally acute eyesight. (SInv)
You are a herbivore.
You cover ground extremely quickly.
You need consume almost no food.


Message History

You hit the orc priest but do no damage.
The orc priest is almost dead.
The orc priest hits the orc priest with a trident.
You hit the orc priest but do no damage.
The orc priest is almost dead.
The orc priest begins to cast a cantrip, but forgets the words!
The orc priest closely misses the orc priest.
You strike the helpless orc priest from behind!
You puncture the orc priest!
You kill the orc priest!
The orc priest hits you with a flail!
Casting: Confuse
Confirm with . or Enter, or press ? or * to list all spells.
You don't have enough magic to cast that spell.
Unknown command.
An orc comes into view. It is wielding a whip.
The orc priest casts a cantrip, but nothing happens.
The orc priest mumbles some strange prayers to Beogh against you.
Pain shoots through your body!
You die...

######## #......#
#......#
...#######.[....######
..>....o..............
....o..)..............
....######..@...#####
... ####...# . #.#.#
#<#... ###.....
(.....# ......+
......# #######


You could see an orc priest.

Vanquished Creatures
  An orc priest (D:3)
  3 adders (D:2)
  A worm (D:2)
  2 dart slugs
  4 goblins
  3 hobgoblins
  4 jackals (D:1)
  2 ball pythons (D:2)
  5 bats
  4 frilled lizards
  6 kobolds
  8 rats
43 creatures vanquished.

Notes
Turn   | Place    | Note
-------+----------+-------------------------------------------
     0 | D:1      | lyrx the Spriggan Enchanter began the quest for the Orb.
     0 | D:1      | Reached XP level 1. HP: 9/9 MP: 5/5
   443 | D:1      | Reached XP level 2. HP: 10/13 MP: 4/6
   487 | D:1      | Learned a level 2 spell: Ensorcelled Hibernation
   607 | D:1      | Reached skill level 5 in Stealth
  1320 | D:2      | Reached XP level 3. HP: 16/16 MP: 0/8
  1468 | D:2      | Found a basalt altar of Yredelemnul.
  1501 | D:2      | Found a stormy altar of Qazlal.
  1626 | D:2      | Found an iron altar of Okawaru.
  1851 | D:2      | Reached XP level 4. HP: 21/21 MP: 9/9
  2020 | D:3      | Learned a level 3 spell: Confuse
  2043 | D:3      | Killed from afar by an orc priest

Skill      XL: |  1  2  3 |
---------------+----------+-----
Hexes          | 4 |  4.4
Stealth        | 5 |  5.8
Spellcasting   | 3 |  3.2
Short Blades   | 2 |  2.2
Fighting       | |  0.1
Dodging        | |  3.3
Ice Magic      | |  0.5

Action                   |  1- 3 |  4- 6 || total
-------------------------+-------+-------++-------
Melee: Dagger            |   123 |    10 ||   133
 Cast: Corona            |     7 |       ||     7
       Ensorcelled Hiber |    21 |       ||    21
       Confuse           |       |     3 ||     3
  Use: Scroll            |       |     3 ||     3
 Stab: Sleeping          |    20 |     3 ||    23
       Confused          |       |     2 ||     2
Armor: Robe              |    10 |       ||    10
Dodge: Dodged            |    85 |     2 ||    87
